Map: Autômato LE

Players

Vicster

  • Race: Terran Terran
  • League: Gold
  • Spawn Location: 3:00

VOD

Have the link to the VOD?

Description

Time

  • Played on: Jan. 8, 2019, 2:25 p.m.
  • Length: 4:18
Show
View Real Time Build Order
Export as new Build Order

Vicster Terran 

Build Orders:  

Get SALT Encoding   

  12  0:03  SCV  
  13  0:20  SCV  
  14  0:37  SCV  
  15  1:04  Command Center  
  15  1:16  Supply Depot  
  15  1:34  Refinery  
  15  1:46  SCV  
  16  1:51  Barracks  
  16  2:14  SCV  
  17  2:31  SCV  
  18  2:48  SCV  
  19  2:56  Orbital Command  
  19  2:57  Supply Depot  
  19  3:05  SCV  
  20  3:22  SCV  
  21  3:39  SCV  
  22  3:56  SCV  
  23  4:00  SCV  
Tags
 
League
Gold
Matchup
Co-op
Replay Pack
Vicster replay
Add a new tag
Caveats
  • Supply blocks, unpowered buildings, or Contaminate may cause inaccurate times.
  • Supply counts are checked every 10 seconds.